 Dungeon Crawl Stone Soup version 0.29.0-4-gdea44cf6ec (webtiles) character file.

Game seed: 14454510063185115497

30433 qw the Brawler (level 13, -4/130 HPs)
             Began as a Troll Cinder Acolyte on Aug 30, 2022.
             Was an Initiate of Ignis.
             Slain by a black mamba (6 damage)
             ... while petrified by a basilisk
             ... on level 5 of the Lair of Beasts.
             The game lasted 00:06:34 (12789 turns).

qw the Brawler (Troll Cinder Acolyte)              Turns: 12789, Time: 00:06:35

Health: -4/130     AC:  8    Str: 29    XL:     13   Next: 20%
Magic:  13/13      EV:  1    Int: 10    God:    Ignis [......]
Gold:   1140       SH:  0    Dex:  5    Spells: 14/14 levels left

rFire   + . .      SeeInvis .     - Unarmed
rCold   . . .      Faith    .   (no shield)
rNeg    + + +      Spirit   .   i - +0 troll leather armour
rPois   inf        Reflect  .   (helmet restricted)
rElec   .          Harm     .   m - +1 cloak of Starlight {*Dazzle EV+4 Stlth--}
rCorr   .          Rampage  .   (gloves unavailable)
Will    .....                   (boots unavailable)
Stlth   ..........              (no amulet)
HPRegen 1.91/turn               (no ring)
MPRegen 0.13/turn               (no ring)

@: lethally poisoned (-4 -> -4), petrified, marked
A: large, unfitting armour, claws 3, regeneration 1, shaggy fur 1, tough skin 1
a: Renounce Religion, Rising Flame


You were on level 5 of the Lair of Beasts.
You worshipped Ignis.
Ignis was noncommittal.
You visited 3 branches of the dungeon, and saw 14 of its levels.

You collected 1179 gold pieces.
You spent 39 gold pieces at shops.


Innate Abilities, Weirdness & Mutations

You are too large for most types of armour.
You have claws for hands.
Your natural rate of healing is unusually fast.
You are covered in fur. (AC +1)
You have tough skin. (AC +1)


   Skills:
 + Level 8.8 Fighting
 - Level 4.8 Throwing
 - Level 2.4 Armour
 - Level 2.4 Dodging
 - Level 19.0 Unarmed Combat
 - Level 1.0 Spellcasting
 - Level 2.1 Fire Magic


You had 14 spell levels left.
You didn't know any spells.
Your spell library contained the following spells:

 Spells                   Type           Power      Damage    Failure   Level
 Scorch                   Fire           8%         2d5       24%         2

Inventory:

Missiles
 h - 13 boomerangs (quivered)
Armour
 i - a +0 troll leather armour (worn)
 m - the +1 cloak of Starlight (worn) {*Dazzle EV+4 Stlth--}
   (You acquired it on level 6 of the Dungeon)

   It may blind those who miss an attack against the wearer in melee combat.
   EV:        It affects your evasion (+4).
   Stlth:     It makes you much less stealthy.
Scrolls
 b - a scroll of teleportation
 e - 3 scrolls of enchant armour
 g - 7 scrolls of identify
Potions
 a - a potion of mutation
 c - a potion of might
 d - 6 potions of curing
 f - 4 potions of haste
 j - a potion of cancellation

Dungeon Overview and Level Annotations

Branches:
Dungeon (8/15)             Temple (1/1) D:7            Lair (5/5) D:8
  Swamp (0/4) Lair:3       Spider (0/4) Lair:2
  Slime: Lair:4-5

Altars:
Elyvilon
Fedhas
Gozag
Kikubaaqudgha
Nemelex Xobeh
Qazlal
Ru
Sif Muna
Uskayaw
Vehumet
Wu Jian
Xom
The Shining One

Shops:
D:1 =   D:2 !   D:4 =

Annotations:
D:4 1 runed translucent door, qw's ghost, amateur TeWr
D:6 4 runed translucent doors, Crazy Yiuf; qw's ghost, amateur TeWr
D:7 1 runed translucent door, qw's ghost, novice TeWr


Message History

You feel much better.
You feel sick. The water moccasin bites you.
You are more poisoned.
The water moccasin poisons you! The wolf misses you.
The wolf bites you but does no damage. The basilisk misses you.
A hell hound comes into view.
The water moccasin bites you. The wolf barely misses you.
The wolf bites you but does no damage.
12781 ||| Stepping ~*~*~tactically~*~*~ (outnumbered).
You feel very sick.
A six-headed hydra comes into view.
The basilisk gazes at you.
You are slowing down.
12782 ||| Stepping ~*~*~tactically~*~*~ (outnumbered).
Your surroundings suddenly seem different.
A polar bear and a komodo dragon come into view.
Found 4 poisoned darts.
Found an escape hatch in the ceiling.
You feel very sick.
Your limbs are stiffening.
Enter note:
12783 ||| READING 2 scrolls of teleportation.
As you read the scroll of teleportation, it crumbles to dust.
You feel strangely unstable.
You feel very sick. The polar bear bites you! The polar bear barely misses you.
The polar bear claws you but does no damage.
You have turned to stone.
The polar bear bites you but does no damage.
The polar bear claws you but does no damage. x2
Your surroundings suddenly seem different. 2 black mambas come into view.
Found a wand of paralysis (1) and a falchion.
The black mamba hisses angrily. x2
The black mamba bites you! The black mamba bites you!
The black mamba bites you. The black mamba bites you!
The black mamba bites you but does no damage.
The black mamba bites you! The black mamba bites you. x2
The black mamba bites you! x2
You die...

# ######### #.#
##....#..##....
...............
......S@.......
.......S.......
.#..###)..##..#
## ###... #
.... ..P## ..#
.#.


You could see 2 black mambas.

Vanquished Creatures
  3 hydras
  A two-headed ogre (D:8)
  4 death yaks (Lair:1)
  2 bog bodies (Lair:3)
  Pikel (D:6)
  6 elephants
  4 black mambas
  15 cane toads
  A torpor snail (Lair:2)
  3 rime drakes
  9 komodo dragons
  A polar bear (Lair:2)
  A troll (D:7)
  Grinder (D:5)
  7 blink frogs
  Sigmund (D:5)
  A wyvern (Lair:5)
  16 yaks
  Eustachio (D:6)
  Grum (D:8)
  2 basilisks
  3 death yak simulacra (Lair:4)
  10 water moccasins
  Duvessa (D:5)
  8 black bears
  4 ogres
  36 wolves
  A centaur (D:5)
  2 phantoms
  A necrophage (D:6)
  9 bullfrogs
  2 gnoll sergeants
  2 cane toad simulacra (Lair:4)
  8 scorpions
  7 wights (D:8)
  Dowan (D:5)
  3 killer bees (D:7)
  4 howler monkeys
  3 gnoll boudas
  An orc priest (D:8)
  A hound (D:5)
  2 jellies
  2 iguanas
  A polar bear simulacrum (Lair:4)
  25 gnolls
  8 adders
  2 shadow imps (D:5)
  4 white imps
  An ufetubus (D:5)
  2 worms (Lair:2)
  2 dart slugs
  7 orcs
  5 bats
  11 endoplasms
  6 giant cockroaches
  6 goblins
  4 hobgoblins
  11 jackals
  2 quokkas
  2 ball pythons
  2 frilled lizards
  7 kobolds
  4 rats
304 creatures vanquished.

Vanquished Creatures (others)
  28 fungi
  84 plants
  5 toadstools (D:7)
117 creatures vanquished.

Grand Total: 421 creatures vanquished

Notes
Turn   | Place    | Note
-------+----------+-------------------------------------------
     0 | D:1      | qw the Troll Cinder Acolyte began the quest for the Orb.
     0 | D:1      | Reached XP level 1. HP: 22/22 MP: 1/1
     0 | D:1      | 0 ||| qw: Version: 0.1-a-95-gae9e614
     0 | D:1      | 0 ||| qw: Game counter: 4428
     0 | D:1      | 0 ||| qw: Always use a shield: true
     0 | D:1      | 0 ||| qw: God list: Okawaru
     0 | D:1      | 0 ||| qw: Allow faded altars: false
     0 | D:1      | 0 ||| qw: Do Orc after D:15 true
     0 | D:1      | 0 ||| qw: Do second Lair branch before Depths: true
     0 | D:1      | 0 ||| qw: Lair rune preference: random
     0 | D:1      | 0 ||| qw: Plans: Normal
     0 | D:1      | 0 ||| PLANNING D:1-11
    88 | D:1      | 88 ||| Stepping ~*~*~tactically~*~*~ (hiding).
   193 | D:1      | Reached XP level 2. HP: 29/29 MP: 2/2
   399 | D:1      | Found Dedoxo's Jewellery Boutique.
   416 | D:1      | Reached skill level 4 in Unarmed Combat
   427 | D:1      | 427 ||| SHOPLISTING +4 ring of evasion (468 gold, have 18).
   427 | D:1      | 427 ||| SHOPLISTING amulet of guardian spirit (390 gold,
                  | have 18).
   427 | D:1      | 427 ||| SHOPLISTING amulet of the acrobat (390 gold, have
                  | 18).
   427 | D:1      | 427 ||| SHOPLISTING ring of fire (325 gold, have 18).
   427 | D:1      | 427 ||| SHOPLISTING ring of ice (325 gold, have 18).
   427 | D:1      | 427 ||| SHOPLISTING ring of resist corrosion (260 gold,
                  | have 18).
   427 | D:1      | 427 ||| SHOPLISTING ring of willpower (325 gold, have 18).
   438 | D:1      | Found a faded altar of an unknown god.
   730 | D:1      | Reached XP level 3. HP: 36/36 MP: 3/3
   841 | D:1      | 841 ||| READING scroll labelled LUOPAPLAHAO.
   842 | D:1      | 842 ||| READING 2 scrolls labelled CASADU JUMEAD.
   846 | D:1      | 846 ||| READING scroll labelled ZICRADAMYB.
   847 | D:1      | 847 ||| DRINKING 2 lumpy blue potions.
   879 | D:2      | 879 ||| STAIRDANCE
   890 | D:1      | Reached skill level 1 in Throwing
   898 | D:2      | 898 ||| STAIRDANCE
  1143 | D:2      | Found Ophoz's Distillery.
  1157 | D:2      | 1157 ||| BUYING potion of curing (39 gold).
  1157 | D:2      | Bought a potion of curing for 39 gold pieces
  1157 | D:2      | 1157 ||| SHOPLISTING potion of haste (130 gold, have 57).
  1157 | D:2      | 1157 ||| SHOPLISTING potion of heal wounds (65 gold, have
                  | 57).
  1207 | D:2      | 1207 ||| Stepping ~*~*~tactically~*~*~ (stealth).
  1209 | D:2      | 1209 ||| Stepping ~*~*~tactically~*~*~ (stealth).
  1214 | D:2      | 1214 ||| Stepping ~*~*~tactically~*~*~ (stealth).
  1215 | D:2      | 1215 ||| Stepping ~*~*~tactically~*~*~ (stealth).
  1513 | D:2      | 1513 ||| READING scroll labelled PERHOYLEZI.
  1514 | D:2      | 1514 ||| READING scroll labelled ROVVIPRI UQAU.
  1515 | D:2      | 1515 ||| DRINKING 2 golden potions.
  1516 | D:2      | 1516 ||| DROPPING potion of brilliance.
  1535 | D:3      | 1535 ||| Stepping ~*~*~tactically~*~*~ (stealth).
  1537 | D:3      | 1537 ||| Stepping ~*~*~tactically~*~*~ (hiding).
  1619 | D:3      | Found a stormy altar of Qazlal.
  1653 | D:3      | 1653 ||| Stepping ~*~*~tactically~*~*~ (stealth).
  1654 | D:3      | 1654 ||| Stepping ~*~*~tactically~*~*~ (stealth).
  1681 | D:3      | Reached XP level 4. HP: 41/44 MP: 4/4
  1855 | D:3      | Reached skill level 5 in Unarmed Combat
  1961 | D:3      | 1961 ||| READING scroll labelled MIVOUSUSHRURRO.
  1962 | D:3      | 1962 ||| READING scroll labelled COOBBO FOAH.
  1963 | D:3      | 1963 ||| READING scroll of teleportation.
  2382 | D:3      | 2382 ||| Stepping ~*~*~tactically~*~*~ (stealth).
  2456 | D:3      | 2456 ||| READING 2 scrolls labelled RATIVEAMEM.
  2557 | D:3      | 2557 ||| DROPPING scroll of silence.
  2659 | D:4      | Found a runed translucent door.
  2659 | D:4      | Noticed qw's ghost (amateur TeWr)
  2690 | D:4      | 2690 ||| INVOKING Fiery Armour.
  2693 | D:4      | 2693 ||| Stepping ~*~*~tactically~*~*~ (outnumbered).
  2695 | D:4      | Reached XP level 5. HP: 44/50 MP: 5/5
  2695 | D:4      | 2695 ||| Stepping ~*~*~tactically~*~*~ (outnumbered).
  2696 | D:4      | 2696 ||| Stepping ~*~*~tactically~*~*~ (outnumbered).
  2701 | D:4      | Reached skill level 6 in Unarmed Combat
  2855 | D:4      | Noticed a phantom
  2862 | D:4      | Reached XP level 6. HP: 49/59 MP: 6/6
  2866 | D:4      | 2866 ||| INVOKING Fiery Armour.
  2866 | D:4      | Identified the +1 leather armour "Toluyz" {Rampage *Slow
                  | rElec rCorr}
  2870 | D:4      | HP: 10/59 [phantom (6)]
  2872 | D:4      | Reached skill level 7 in Unarmed Combat
  2920 | D:4      | 2920 ||| FLEEEEING.
  2921 | D:4      | 2921 ||| Stepping ~*~*~tactically~*~*~ (stealth).
  2922 | D:4      | 2922 ||| Stepping ~*~*~tactically~*~*~ (stealth).
  2923 | D:4      | 2923 ||| Stepping ~*~*~tactically~*~*~ (stealth).
  2924 | D:4      | 2924 ||| Stepping ~*~*~tactically~*~*~ (stealth).
  2931 | D:4      | Found Qaschiss's Jewellery Boutique.
  2948 | D:4      | 2948 ||| SHOPLISTING +4 ring of evasion (468 gold, have
                  | 203).
  2948 | D:4      | 2948 ||| SHOPLISTING +4 ring of protection (468 gold, have
                  | 203).
  2948 | D:4      | 2948 ||| SHOPLISTING +6 ring of dexterity (468 gold, have
                  | 203).
  2948 | D:4      | 2948 ||| SHOPLISTING amulet of regeneration (390 gold, have
                  | 203).
  2948 | D:4      | 2948 ||| SHOPLISTING amulet of the acrobat (390 gold, have
                  | 203).
  2948 | D:4      | 2948 ||| SHOPLISTING ring of the Gastropod {Fly rC- MP+9
                  | Str+2} (527 gold, have 203).
  2948 | D:4      | 2948 ||| SHOPLISTING ring of willpower (325 gold, have
                  | 203).
  3003 | D:4      | Reached skill level 8 in Unarmed Combat
  3003 | D:4      | Reached XP level 7. HP: 64/66 MP: 7/7
  3158 | D:4      | 3158 ||| READING 2 scrolls of identify.
  3158 | D:4      | 3158 ||| IDENTIFYING lumpy sapphire potion
  3159 | D:4      | 3159 ||| DROPPING potion of degeneration.
  3168 | D:5      | Entered Level 5 of the Dungeon
  3192 | D:5      | Reached skill level 3 in Fighting
  3217 | D:5      | 3217 ||| Stepping ~*~*~tactically~*~*~ (stealth).
  3219 | D:5      | 3219 ||| Stepping ~*~*~tactically~*~*~ (hiding).
  3236 | D:5      | 3236 ||| INVOKING Fiery Armour.
  3310 | D:5      | 3310 ||| Stepping ~*~*~tactically~*~*~ (stealth).
  3312 | D:5      | 3312 ||| Stepping ~*~*~tactically~*~*~ (hiding).
  3331 | D:5      | 3331 ||| Stepping ~*~*~tactically~*~*~ (stealth).
  3430 | D:5      | Noticed Dowan
  3431 | D:5      | Noticed Duvessa
  3432 | D:5      | 3432 ||| INVOKING Fiery Armour.
  3444 | D:5      | Killed Duvessa
  3445 | D:5      | Reached skill level 9 in Unarmed Combat
  3451 | D:5      | Killed Dowan
  3452 | D:5      | Reached XP level 8. HP: 52/75 MP: 8/8
  3521 | D:5      | 3521 ||| Stepping ~*~*~tactically~*~*~ (hiding).
  3636 | D:5      | Reached skill level 1 in Dodging
  3744 | D:5      | 3744 ||| Stepping ~*~*~tactically~*~*~ (stealth).
  3746 | D:5      | 3746 ||| Stepping ~*~*~tactically~*~*~ (hiding).
  3799 | D:5      | 3799 ||| Stepping ~*~*~tactically~*~*~ (stealth).
  3803 | D:5      | 3803 ||| Stepping ~*~*~tactically~*~*~ (hiding).
  3973 | D:5      | Noticed Sigmund
  3974 | D:5      | 3974 ||| Stepping ~*~*~tactically~*~*~ (hiding).
  3978 | D:5      | 3978 ||| Stepping ~*~*~tactically~*~*~ (hiding).
  3987 | D:5      | Killed Sigmund
  3988 | D:5      | Reached skill level 10 in Unarmed Combat
  4011 | D:5      | Noticed Grinder
  4013 | D:5      | 4013 ||| Stepping ~*~*~tactically~*~*~ (hiding).
  4017 | D:5      | Killed Grinder
  4254 | D:5      | 4254 ||| DRINKING 2 cyan potions.
  4255 | D:5      | 4255 ||| DRINKING 2 amethyst potions.
  4256 | D:5      | 4256 ||| READING 2 scrolls of identify.
  4256 | D:5      | 4256 ||| IDENTIFYING fuming emerald potion
  4257 | D:5      | 4257 ||| DROPPING potion of ambrosia.
  4258 | D:5      | 4258 ||| DROPPING potion of flight.
  4368 | D:6      | Found a runed translucent gate.
  4371 | D:6      | Found a runed translucent gate.
  4371 | D:6      | Found a runed translucent gate.
  4371 | D:6      | Noticed qw's ghost (amateur TeWr)
  4378 | D:6      | Noticed Eustachio
  4393 | D:6      | 4393 ||| INVOKING Fiery Armour.
  4393 | D:6      | Killed Eustachio
  4398 | D:6      | Reached XP level 9. HP: 81/85 MP: 9/9
  4414 | D:6      | 4414 ||| Stepping ~*~*~tactically~*~*~ (stealth).
  4416 | D:6      | 4416 ||| Stepping ~*~*~tactically~*~*~ (hiding).
  4417 | D:6      | 4417 ||| Stepping ~*~*~tactically~*~*~ (hiding).
  4517 | D:6      | Reached skill level 11 in Unarmed Combat
  4663 | D:6      | Found a runed translucent door.
  4664 | D:6      | Noticed Crazy Yiuf
  4862 | D:6      | 4862 ||| Stepping ~*~*~tactically~*~*~ (hiding).
  4913 | D:6      | Found a blossoming altar of Fedhas.
  4962 | D:6      | Noticed Pikel
  4973 | D:6      | Killed Pikel
  5076 | D:6      | 5076 ||| Stepping ~*~*~tactically~*~*~ (hiding).
  5077 | D:6      | 5077 ||| Stepping ~*~*~tactically~*~*~ (hiding).
  5078 | D:6      | 5078 ||| Stepping ~*~*~tactically~*~*~ (hiding).
  5111 | D:6      | 5111 ||| Stepping ~*~*~tactically~*~*~ (stealth).
  5146 | D:6      | 5146 ||| Stepping ~*~*~tactically~*~*~ (stealth).
  5148 | D:6      | 5148 ||| Stepping ~*~*~tactically~*~*~ (hiding).
  5164 | D:6      | 5164 ||| FLEEEEING.
  5165 | D:6      | 5165 ||| FLEEEEING.
  5166 | D:6      | 5166 ||| FLEEEEING.
  5348 | D:6      | 5348 ||| READING scroll labelled KUCKAI HIHOSIZU.
  5348 | D:6      | Identified a scroll of acquirement
  5348 | D:6      | 5348 ||| ACQUIRING +1 cloak of Starlight {*Dazzle EV+4
                  | Stlth--}
  5348 | D:6      | Acquired the +1 cloak of Starlight {*Dazzle EV+4 Stlth--}
  5348 | D:6      | Found the +1 cloak of Starlight {*Dazzle EV+4 Stlth--}
  5350 | D:6      | 5350 ||| UPGRADING to +1 cloak of Starlight {*Dazzle EV+4
                  | Stlth--}.
  5355 | D:6      | 5355 ||| DRINKING 2 glowing blue potions.
  5459 | D:6      | 5459 ||| READING 3 scrolls of identify.
  5459 | D:6      | 5459 ||| IDENTIFYING silvery potion
  5460 | D:6      | 5460 ||| READING 2 scrolls of identify.
  5460 | D:6      | 5460 ||| IDENTIFYING fizzy brown potion
  5461 | D:6      | 5461 ||| DROPPING potion of berserk rage.
  5462 | D:6      | 5462 ||| DROPPING potion of lignification.
  5575 | D:7      | Found a runed translucent door.
  5575 | D:7      | Found a shimmering altar of Xom.
  5575 | D:7      | Noticed qw's ghost (novice TeWr)
  5576 | D:7      | Noticed a +2 spear of chaos
  5600 | D:7      | Found a staircase to the Ecumenical Temple.
  5601 | D:7      | 5601 ||| READING scroll labelled BABEAT UZULU.
  5685 | D:7      | Found an ancient bone altar of Kikubaaqudgha.
  5767 | D:7      | 5767 ||| Stepping ~*~*~tactically~*~*~ (outnumbered).
  5804 | D:7      | Noticed a troll
  5809 | D:7      | Killed a troll
  5810 | D:7      | Reached skill level 12 in Unarmed Combat
  5848 | D:7      | 5848 ||| Stepping ~*~*~tactically~*~*~ (hiding).
  5851 | D:7      | 5851 ||| Stepping ~*~*~tactically~*~*~ (hiding).
  6039 | D:7      | 6039 ||| Stepping ~*~*~tactically~*~*~ (hiding).
  6040 | D:7      | 6040 ||| Stepping ~*~*~tactically~*~*~ (hiding).
  6478 | D:7      | 6478 ||| UPGRADING to +0 troll leather armour.
  6488 | D:7      | 6488 ||| DROPPING +0 robe.
  6489 | D:7      | 6489 ||| DROPPING amulet of magic regeneration.
  6490 | D:7      | 6490 ||| READING scroll labelled ZAWKOTUAPT.
  6497 | D:8      | Noticed Grum
  6498 | D:8      | 6498 ||| STAIRDANCE
  6506 | D:7      | Reached skill level 1 in Armour
  6518 | D:8      | 6518 ||| STAIRDANCE
  6526 | D:7      | Reached XP level 10. HP: 62/96 MP: 10/10
  6556 | D:8      | 6556 ||| INVOKING Fiery Armour.
  6563 | D:8      | Killed Grum
  6795 | D:8      | 6795 ||| Stepping ~*~*~tactically~*~*~ (stealth).
  6801 | D:8      | 6801 ||| Stepping ~*~*~tactically~*~*~ (outnumbered).
  6802 | D:8      | 6802 ||| Stepping ~*~*~tactically~*~*~ (outnumbered).
  6803 | D:8      | 6803 ||| Stepping ~*~*~tactically~*~*~ (outnumbered).
  6814 | D:8      | 6814 ||| FLEEEEING.
  6815 | D:8      | 6815 ||| FLEEEEING.
  6816 | D:8      | 6816 ||| FLEEEEING.
  6817 | D:8      | 6817 ||| FLEEEEING.
  6818 | D:8      | 6818 ||| FLEEEEING.
  6819 | D:8      | 6819 ||| FLEEEEING.
  6821 | D:8      | 6821 ||| FLEEEEING.
  6822 | D:8      | 6822 ||| FLEEEEING.
  6823 | D:8      | 6823 ||| FLEEEEING.
  6824 | D:8      | 6824 ||| FLEEEEING.
  6825 | D:8      | 6825 ||| FLEEEEING.
  6858 | D:8      | Noticed a two-headed ogre
  6867 | D:8      | Killed a two-headed ogre
  6868 | D:8      | Reached skill level 13 in Unarmed Combat
  6977 | D:8      | Found a staircase to the Lair.
  7117 | D:8      | 7117 ||| Stepping ~*~*~tactically~*~*~ (outnumbered).
  7118 | D:8      | 7118 ||| Stepping ~*~*~tactically~*~*~ (outnumbered).
  7119 | D:8      | 7119 ||| Stepping ~*~*~tactically~*~*~ (outnumbered).
  7120 | D:8      | 7120 ||| Stepping ~*~*~tactically~*~*~ (outnumbered).
  7121 | D:8      | 7121 ||| Stepping ~*~*~tactically~*~*~ (outnumbered).
  7122 | D:8      | 7122 ||| Stepping ~*~*~tactically~*~*~ (outnumbered).
  7252 | D:8      | 7252 ||| Stepping ~*~*~tactically~*~*~ (stealth).
  7542 | D:8      | 7542 ||| PLANNING LAIR
  7542 | D:8      | 7542 ||| DROPPING +0 robe of positive energy.
  7543 | D:8      | 7543 ||| DROPPING orb of wrath.
  7544 | D:8      | 7544 ||| READING scroll labelled WOLOXZAAHA.
  7545 | D:8      | 7545 ||| DRINKING 2 murky coppery potions.
  7546 | D:8      | 7546 ||| READING 3 scrolls of identify.
  7546 | D:8      | 7546 ||| IDENTIFYING bubbling black potion
  7547 | D:8      | 7547 ||| DROPPING potion of invisibility.
  7581 | Lair:1   | Entered Level 1 of the Lair of Beasts
  7581 | Lair:1   | Noticed a death yak
  7581 | Lair:1   | Noticed a death yak
  7581 | Lair:1   | Noticed a death yak
  7581 | Lair:1   | Noticed a death yak
  7581 | Lair:1   | Noticed a cane toad
  7582 | Lair:1   | 7582 ||| INVOKING Fiery Armour.
  7583 | Lair:1   | 7583 ||| Stepping ~*~*~tactically~*~*~ (outnumbered).
  7584 | Lair:1   | 7584 ||| Stepping ~*~*~tactically~*~*~ (outnumbered).
  7592 | Lair:1   | Killed a death yak
  7593 | Lair:1   | Reached skill level 14 in Unarmed Combat
  7595 | Lair:1   | Killed a death yak
  7598 | Lair:1   | HP: 15/98 [death yak (11)]
  7599 | Lair:1   | 7599 ||| READING 2 scrolls of teleportation.
  7600 | Lair:1   | 7600 ||| DRINKING potion of heal wounds.
  7680 | Lair:1   | Reached skill level 6 in Fighting
  7699 | Lair:1   | Noticed a black mamba
  7700 | Lair:1   | 7700 ||| INVOKING Fiery Armour.
  7717 | Lair:1   | 7717 ||| Stepping ~*~*~tactically~*~*~ (outnumbered).
  7728 | Lair:1   | Killed a black mamba
  7736 | Lair:1   | Reached XP level 11. HP: 99/105 MP: 11/11
  7848 | Lair:1   | Noticed a five-headed hydra
  7849 | Lair:1   | 7849 ||| Stepping ~*~*~tactically~*~*~ (stealth).
  7965 | Lair:1   | 7965 ||| INVOKING Fiery Armour.
  7970 | Lair:1   | Killed an eight-headed hydra
  7971 | Lair:1   | Reached skill level 15 in Unarmed Combat
  8020 | Lair:1   | 8020 ||| Stepping ~*~*~tactically~*~*~ (stealth).
  8027 | Lair:1   | 8027 ||| Stepping ~*~*~tactically~*~*~ (stealth).
  8044 | Lair:1   | 8044 ||| Stepping ~*~*~tactically~*~*~ (stealth).
  8050 | Lair:1   | Killed a death yak
  8057 | Lair:1   | Killed a death yak
  8768 | Lair:1   | 8768 ||| Stepping ~*~*~tactically~*~*~ (outnumbered).
  8774 | Lair:1   | Reached skill level 16 in Unarmed Combat
  8803 | Lair:1   | 8803 ||| Stepping ~*~*~tactically~*~*~ (stealth).
  8804 | Lair:1   | 8804 ||| Stepping ~*~*~tactically~*~*~ (stealth).
  8810 | Lair:1   | 8810 ||| Stepping ~*~*~tactically~*~*~ (stealth).
  8812 | Lair:1   | 8812 ||| Stepping ~*~*~tactically~*~*~ (stealth).
  8814 | Lair:1   | 8814 ||| Stepping ~*~*~tactically~*~*~ (outnumbered).
  8815 | Lair:1   | 8815 ||| Stepping ~*~*~tactically~*~*~ (outnumbered).
  8816 | Lair:1   | 8816 ||| Stepping ~*~*~tactically~*~*~ (outnumbered).
  8817 | Lair:1   | 8817 ||| Stepping ~*~*~tactically~*~*~ (outnumbered).
  8929 | Lair:1   | 8929 ||| READING scroll labelled FIOMOJABRE.
  8930 | Lair:1   | 8930 ||| READING scroll labelled NIATWU SUOC.
  8931 | Lair:1   | 8931 ||| DRINKING 2 grey potions.
  8997 | Lair:2   | 8997 ||| Stepping ~*~*~tactically~*~*~ (stealth).
  9001 | Lair:2   | 9001 ||| Stepping ~*~*~tactically~*~*~ (stealth).
  9007 | Lair:2   | 9007 ||| FLEEEEING.
  9008 | Lair:2   | 9008 ||| FLEEEEING.
  9009 | Lair:2   | 9009 ||| FLEEEEING.
  9010 | Lair:2   | 9010 ||| FLEEEEING.
  9011 | Lair:2   | 9011 ||| FLEEEEING.
  9012 | Lair:2   | 9012 ||| FLEEEEING.
  9013 | Lair:2   | 9013 ||| FLEEEEING.
  9014 | Lair:2   | 9014 ||| FLEEEEING.
  9066 | Lair:2   | 9066 ||| FLEEEEING.
  9067 | Lair:2   | 9067 ||| FLEEEEING.
  9082 | Lair:2   | 9082 ||| FLEEEEING.
  9083 | Lair:2   | 9083 ||| FLEEEEING.
  9084 | Lair:2   | 9084 ||| FLEEEEING.
  9085 | Lair:2   | 9085 ||| STAIRDANCE
  9103 | Lair:2   | 9103 ||| STAIRDANCE
  9135 | Lair:2   | 9135 ||| STAIRDANCE
  9147 | Lair:2   | 9147 ||| STAIRDANCE
  9407 | Lair:2   | 9407 ||| Stepping ~*~*~tactically~*~*~ (stealth).
  9410 | Lair:2   | 9410 ||| Stepping ~*~*~tactically~*~*~ (stealth).
  9443 | Lair:2   | 9443 ||| FLEEEEING.
  9452 | Lair:2   | 9452 ||| FLEEEEING.
  9455 | Lair:2   | 9455 ||| FLEEEEING.
  9456 | Lair:2   | 9456 ||| STAIRDANCE
  9458 | Lair:1   | 9458 ||| READING scroll labelled ISURRU FEC CUC.
  9464 | Lair:2   | Reached XP level 12. HP: 96/118 MP: 12/12
  9464 | Lair:2   | 9464 ||| STAIRDANCE
  9481 | Lair:2   | 9481 ||| Stepping ~*~*~tactically~*~*~ (stealth).
  9486 | Lair:2   | 9486 ||| Stepping ~*~*~tactically~*~*~ (stealth).
  9584 | Lair:2   | Found a hole to the Spider Nest.
  9646 | Lair:2   | Reached skill level 17 in Unarmed Combat
  9969 | Lair:2   | 9969 ||| DRINKING 2 murky puce potions.
  9970 | Lair:2   | 9970 ||| DROPPING potion of magic.
 10071 | Lair:3   | 10071 ||| Stepping ~*~*~tactically~*~*~ (stealth).
 10086 | Lair:3   | 10086 ||| FLEEEEING.
 10088 | Lair:3   | 10088 ||| Stepping ~*~*~tactically~*~*~ (stealth).
 10095 | Lair:3   | 10095 ||| Stepping ~*~*~tactically~*~*~ (stealth).
 10097 | Lair:3   | 10097 ||| Stepping ~*~*~tactically~*~*~ (stealth).
 10308 | Lair:3   | 10308 ||| Stepping ~*~*~tactically~*~*~ (stealth).
 10309 | Lair:3   | 10309 ||| INVOKING Fiery Armour.
 10329 | Lair:3   | 10329 ||| Stepping ~*~*~tactically~*~*~ (stealth).
 10407 | Lair:3   | 10407 ||| READING scroll of acquirement.
 10407 | Lair:3   | 10407 ||| ACQUIRING 217 gold pieces
 10407 | Lair:3   | Acquired 217 gold pieces
 10612 | Lair:3   | Found a staircase to the Swamp.
 10617 | Lair:3   | 10617 ||| INVOKING Fiery Armour.
 10619 | Lair:3   | Reached skill level 18 in Unarmed Combat
 10627 | Lair:3   | 10627 ||| FLEEEEING.
 11138 | Lair:3   | You fall into a shaft and drop 1 floor!
 11201 | Lair:4   | 11201 ||| READING 6 scrolls of identify.
 11201 | Lair:4   | 11201 ||| IDENTIFYING bubbling grey potion
 11314 | Lair:4   | 11314 ||| STAIRDANCE
 11324 | Lair:4   | 11324 ||| STAIRDANCE
 11351 | Lair:4   | 11351 ||| STAIRDANCE
 11424 | Lair:4   | 11424 ||| Stepping ~*~*~tactically~*~*~ (hiding).
 11632 | Lair:4   | Found a frozen archway.
 11633 | Lair:4   | 11633 ||| Stepping ~*~*~tactically~*~*~ (stealth).
 11643 | Lair:4   | 11643 ||| Stepping ~*~*~tactically~*~*~ (stealth).
 11650 | Lair:4   | 11650 ||| FLEEEEING.
 11651 | Lair:4   | 11651 ||| FLEEEEING.
 11652 | Lair:4   | 11652 ||| FLEEEEING.
 11653 | Lair:4   | 11653 ||| FLEEEEING.
 11655 | Lair:4   | 11655 ||| FLEEEEING.
 11656 | Lair:4   | 11656 ||| FLEEEEING.
 11742 | Lair:4   | 11742 ||| Stepping ~*~*~tactically~*~*~ (stealth).
 11789 | Lair:4   | 11789 ||| Stepping ~*~*~tactically~*~*~ (stealth).
 11827 | Lair:4   | 11827 ||| Stepping ~*~*~tactically~*~*~ (stealth).
 11833 | Lair:4   | 11833 ||| Stepping ~*~*~tactically~*~*~ (stealth).
 11849 | Lair:4   | 11849 ||| Stepping ~*~*~tactically~*~*~ (stealth).
 11855 | Lair:4   | 11855 ||| INVOKING Fiery Armour.
 12035 | Lair:4   | 12035 ||| PLANNING TEMPLE
 12035 | Lair:4   | 12035 ||| READING scroll labelled YWIW LU VOWNIADE.
 12189 | Temple   | Entered the Ecumenical Temple
 12244 | Temple   | 12244 ||| PLANNING LAIR
 12528 | Lair:5   | Entered Level 5 of the Lair of Beasts
 12528 | Lair:5   | Noticed a five-headed hydra
 12535 | Lair:5   | Killed a seven-headed hydra
 12536 | Lair:5   | Reached XP level 13. HP: 91/127 MP: 13/13
 12536 | Lair:5   | 12536 ||| STAIRDANCE
 12588 | Lair:5   | 12588 ||| Stepping ~*~*~tactically~*~*~ (stealth).
 12614 | Lair:5   | 12614 ||| Stepping ~*~*~tactically~*~*~ (outnumbered).
 12619 | Lair:5   | Reached skill level 19 in Unarmed Combat
 12625 | Lair:5   | 12625 ||| FLEEEEING.
 12626 | Lair:5   | 12626 ||| FLEEEEING.
 12696 | Lair:5   | 12696 ||| Stepping ~*~*~tactically~*~*~ (stealth).
 12697 | Lair:5   | 12697 ||| Stepping ~*~*~tactically~*~*~ (stealth).
 12761 | Lair:5   | 12761 ||| Stepping ~*~*~tactically~*~*~ (outnumbered).
 12762 | Lair:5   | 12762 ||| Stepping ~*~*~tactically~*~*~ (outnumbered).
 12764 | Lair:5   | 12764 ||| Stepping ~*~*~tactically~*~*~ (outnumbered).
 12775 | Lair:5   | 12775 ||| Stepping ~*~*~tactically~*~*~ (outnumbered).
 12778 | Lair:5   | HP: 32/130 [basilisk (2)]
 12779 | Lair:5   | 12779 ||| READING 3 scrolls of teleportation.
 12779 | Lair:5   | HP: 7/130 [basilisk (13)]
 12780 | Lair:5   | 12780 ||| DRINKING potion of heal wounds.
 12781 | Lair:5   | 12781 ||| Stepping ~*~*~tactically~*~*~ (outnumbered).
 12782 | Lair:5   | 12782 ||| Stepping ~*~*~tactically~*~*~ (outnumbered).
 12783 | Lair:5   | 12783 ||| READING 2 scrolls of teleportation.
 12785 | Lair:5   | HP: 18/130 [black mamba (6)]
 12788 | Lair:5   | HP: 7/130 [black mamba (2)]
 12789 | Lair:5   | HP: 2/130 [black mamba (5)]
 12789 | Lair:5   | Slain by a black mamba

Levels and vault maps discovered:
D:1:      wander_arrival_chamber, layout_loops_ring,
          shapermc_ecumenical_altar_ellora, serial_shops, shop
D:2:      layout_basic, serial_shops, shop
D:3:      layout_rooms, mainiacjoe_overflow_24_doors, serial_co_window_serial,
          co_window_paths_a, co_window_paths_a, co_window_paths_a,
          co_window_paths_a, co_window_paths_b, co_window_paths_c,
          co_window_2corner, co_window_2corner, co_window_corner_cb,
          co_window_paths_e, glass_columns_b, glass_columns_a, glass_columns_a,
          glass_columns_c
D:4:      layout_rooms, serial_shops, shop, hellmonk_ghost_happy_afterlife
D:5:      layout_loops_cross, uniq_duvessa, uniq_sigmund, uniq_grinder
D:6:      layout_loops_cross, lemuel_tele_altar, ebering_ghost_rock_garden,
          minmay_misc_feat_rugged, minmay_misc_feat_iff, uniq_eustachio,
          uniq_crazy_yiuf_cottage, uniq_pikel
D:7:      layout_cave_pods, old_standard_altar,
          minmay_temple_entry_stoned_glass, ebering_ghost_xom,
          minmay_misc_feat_cross, minmay_gold_behind_fungi
D:8:      layout_cave_pods, david_lair_shrubbed, uniq_grum
Temple:   zaba_magenta_temple
Lair:1:   layout_layer_cave, beast_lair_carwin_1
Lair:2:   layout_long_grid, nicolae_spider_entry_non_spiders, serial_forest,
          infiniplex_forest_clump_C, infiniplex_forest_straight_5,
          infiniplex_forest_clump_diagonal, infiniplex_forest_clump_double,
          infiniplex_forest_corner_2, infiniplex_forest_zigzag_1
Lair:3:   layout_small_grid, skrybe_swamp_entry_bodies, beast_lair_carwin_6
Lair:4:   layout_loops_ring, portal_ice_cave_entry_ice_simulacra
Lair:5:   cheibrodos_lair_end_hotspot, layout_concentric_octagons, slime_entry_1

Skill      XL: |  1  2  3  4  5  6  7  8  9 10 11 12 13 |
---------------+----------------------------------------+-----
Unarmed Combat | 4 5 6 8 9 10 12 14 16 18 19 | 19.0
Throwing       | 1 2 4 |  4.8
Fighting       | 3 4 5 6 7 8 |  8.8
Dodging        | 1 2 |  2.4
Armour         | 1 2 |  2.4
Spellcasting   | |  1.0
Fire Magic     | |  2.1

Action                   |  1- 3 |  4- 6 |  7- 9 | 10-12 | 13-15 || total
-------------------------+-------+-------+-------+-------+-------++-------
Melee: Unarmed           |   105 |    59 |   217 |   454 |    45 ||   880
       Punch             |     3 |     4 |     7 |    28 |     5 ||    47
Throw: Javelin           |    44 |    28 |    28 |    19 |       ||   119
       Boomerang         |       |     9 |     6 |   137 |    12 ||   164
Invok: Fiery Armour      |       |     2 |     3 |     7 |       ||    12
  Use: Scroll            |     5 |     4 |     7 |     9 |     2 ||    27
       Potion            |     2 |       |     3 |     4 |     1 ||    10
 Stab: Invisible         |       |       |       |     5 |     1 ||     6
Armor: Robe              |    58 |    19 |    21 |       |       ||    98
       Troll leather arm |       |       |     4 |   107 |    28 ||   139
Dodge: Dodged            |    59 |    24 |    96 |   206 |    52 ||   437

Table legend:
 A = Non-vault XP
 B = Vault XP
 C = Vault XP percentage of total XP
 D = Non-vault monster count
 E = Vault monster count
 F = Vault count percentage of total count
                 A         B        C        D         E       F
            +---------+---------+-------+---------+---------+-------
      Total |   35084 |    8392 |  19.3 |     259 |      45 |  14.8
            +---------+---------+-------+---------+---------+-------
        D:1 |      46 |       0 |   0.0 |      24 |       0 |   0.0
        D:2 |      39 |       0 |   0.0 |      17 |       0 |   0.0
        D:3 |      57 |       0 |   0.0 |      17 |       0 |   0.0
        D:4 |     664 |       0 |   0.0 |      20 |       0 |   0.0
        D:5 |     979 |     738 |  43.0 |      24 |       4 |  14.3
        D:6 |     662 |     909 |  57.9 |      18 |       2 |  10.0
        D:7 |    1003 |     465 |  31.7 |      11 |       4 |  26.7
        D:8 |    1786 |     572 |  24.3 |      22 |       2 |   8.3
     Lair:1 |    9968 |    1339 |  11.8 |      35 |       9 |  20.5
     Lair:2 |    4629 |     257 |   5.3 |      18 |       5 |  21.7
     Lair:3 |    3981 |    2691 |  40.3 |      13 |      11 |  45.8
     Lair:4 |    6055 |     743 |  10.9 |      27 |       6 |  18.2
     Lair:5 |    5215 |     678 |  11.5 |      13 |       2 |  13.3
            +---------+---------+-------+---------+---------+-------
